 Dungeon Crawl Stone Soup version 0.29.0-4-gdea44cf6ec (webtiles) character file.

Game seed: 6677329174012425453

53 qw the Chopper (level 3, 0/21 HPs)
             Began as a Tengu Warper on Aug 28, 2022.
             Slain by Natasha (1 damage)
             ... on level 2 of the Dungeon.
             The game lasted 00:00:10 (2253 turns).

qw the Chopper (Tengu Warper)                       Turns: 2253, Time: 00:00:10

Health: 0/21       AC:  3    Str: 13    XL:     3   Next: 87%
Magic:  7/7        EV:  9    Int: 13    God:
Gold:   140        SH:  0    Dex: 13    Spells: 6/6 levels left

rFire   . . .      SeeInvis .   Y - +0 hand axe
rCold   . . .      Faith    .   (no shield)
rNeg    . . .      Spirit   .   b - +0 leather armour
rPois   .          Reflect  .   (helmet restricted)
rElec   .          Harm     .   (no cloak)
rCorr   .          Rampage  .   (no gloves)
Will    .....                   (boots unavailable)
Stlth   +.........              (no amulet)
HPRegen 0.07/turn               (no ring)
MPRegen 0.10/turn               (no ring)

@: grasped by roots, constricted
A: beak, talons 3
a: no special abilities


You were on level 2 of the Dungeon.
You visited 1 branch of the dungeon, and saw 2 of its levels.

You collected 140 gold pieces.


Innate Abilities, Weirdness & Mutations

You have a beak for a mouth.
You have claws for feet.


   Skills:
 - Level 2.0 Fighting
 + Level 4.5 Axes
 - Level 1.0 Throwing
 - Level 1.1 Armour
 - Level 2.1 Dodging
 - Level 2.0 Spellcasting
 - Level 2.4 Translocations


You had 6 spell levels left.
You didn't know any spells.
Your spell library contained the following spells:

 Spells                   Type           Power      Damage    Failure   Level
 Blink                    Tloc           14%        N/A       19%         2
 Gell's Gravitas          Tloc           7%         N/A       36%         3
 Lesser Beckoning         Tloc           7%         N/A       36%         3
 Teleport Other           Tloc           7%         N/A       36%         3
 Manifold Assault         Tloc           7%         N/A       98%         5

Inventory:

Hand Weapons
 c - a +0 whip
 Y - a +0 hand axe (weapon)
Armour
 b - a +0 leather armour (worn)
Jewellery
 a - an amulet of guardian spirit
Scrolls
 d - a scroll of identify
Potions
 e - a potion of haste {unknown}

Dungeon Overview and Level Annotations

Branches:
Dungeon (2/15)

Altars:

Annotations:
D:2 Natasha


Message History

You now have 140 gold pieces (gained 14).
Things that are here:
a +0 dagger of electrocution; 4 stones; a goblin corpse
Found a stone staircase leading up.
Enter note:
There is a stone staircase leading up here.
Found a long sword.
Enter note: An adder skeleton comes into view.
You see here a +0 spear.
Enter note:
Enter note:
2193 ||| Stepping ~*~*~tactically~*~*~ (stealth).
You hit the adder skeleton. You claw the adder skeleton.
You peck the adder skeleton.
The adder skeleton is severely damaged.
The adder skeleton closely misses you.
You hit the adder skeleton.
You destroy the adder skeleton!
A giant cockroach comes into view.
You completely miss the giant cockroach.
You claw the giant cockroach.
You kill the giant cockroach!
You see here a giant cockroach corpse.
Natasha, Servant of Life and Death comes into view.
She is carrying a wand of roots (6).
Natasha hisses angrily.
You closely miss Natasha.
Natasha mumbles some strange words.
You hit Natasha. Your kick misses Natasha. Your peck misses Natasha.
Natasha is heavily wounded.
Natasha stares at you and mumbles some strange words.
The magic dart hits you.
Natasha zaps a wand.
The roots erupt in riotous growth!
The grasping roots grab you!
The white imp is unaffected.
Natasha is unaffected.
The grasping roots constrict you!
You slash Natasha! Your kick misses Natasha.
Natasha is almost dead.
You hit the white imp but do no damage. The white imp hits you.
The white imp freezes you. Natasha claws you.
You die...

##.#####
#.....# .
#####.#
..7777 #.#
......7
#.#
.....7#.##
....#..##
75h##..#
#@###%#
#..##.#
##.##.#
#..#.##
##.#..#
#..#.#
##.#.#
#...#
#####


You could see Natasha and a white imp (summoned).

Vanquished Creatures
  An adder skeleton (D:2)
  A worm (D:2)
  2 dart slugs (D:1)
  A bat skeleton (D:2)
  A bat zombie (D:2)
  7 endoplasms
  2 giant cockroaches
  4 goblins
  2 hobgoblins (D:1)
  4 kobolds
  2 quokkas (D:1)
  A ball python (D:1)
  3 bats (D:1)
  3 frilled lizards
  A giant cockroach zombie (D:2)
  A quokka zombie (D:2)
  3 rats
39 creatures vanquished.

Vanquished Creatures (others)
  23 withered plants (D:2)
23 creatures vanquished.

Grand Total: 62 creatures vanquished

Notes
Turn   | Place    | Note
-------+----------+-------------------------------------------
     0 | D:1      | qw the Tengu Warper began the quest for the Orb.
     0 | D:1      | Reached XP level 1. HP: 12/12 MP: 4/4
     0 | D:1      | 0 ||| qw: Version: 0.1-a-89-g26bdef1
     0 | D:1      | 0 ||| qw: Game counter: 1348
     0 | D:1      | 0 ||| qw: Always use a shield: true
     0 | D:1      | 0 ||| qw: God list: Okawaru
     0 | D:1      | 0 ||| qw: Allow faded altars: false
     0 | D:1      | 0 ||| qw: Do Orc after D:15 true
     0 | D:1      | 0 ||| qw: Do second Lair branch before Depths: true
     0 | D:1      | 0 ||| qw: Lair rune preference: random
     0 | D:1      | 0 ||| qw: Plans: Normal
     0 | D:1      | 0 ||| PLANNING D:1-11
   183 | D:1      | Reached skill level 3 in Axes
   183 | D:1      | Reached XP level 2. HP: 17/17 MP: 6/6
   229 | D:1      | Found a faded altar of an unknown god.
   649 | D:1      | 649 ||| Stepping ~*~*~tactically~*~*~ (hiding).
   751 | D:1      | 751 ||| Stepping ~*~*~tactically~*~*~ (hiding).
   973 | D:1      | Reached XP level 3. HP: 18/21 MP: 7/7
  1328 | D:1      | 1328 ||| Stepping ~*~*~tactically~*~*~ (stealth).
  1382 | D:1      | Reached skill level 4 in Axes
  1573 | D:1      | 1573 ||| READING scroll labelled PARGHEA VISAN.
  1574 | D:1      | 1574 ||| READING scroll labelled MUGUYM HOLIU.
  1575 | D:1      | 1575 ||| DROPPING scroll of blinking.
  1632 | D:2      | 1632 ||| FLEEEEING.
  1633 | D:2      | 1633 ||| FLEEEEING.
  1634 | D:2      | 1634 ||| FLEEEEING.
  1635 | D:2      | 1635 ||| FLEEEEING.
  1636 | D:2      | 1636 ||| FLEEEEING.
  1637 | D:2      | 1637 ||| FLEEEEING.
  1638 | D:2      | 1638 ||| FLEEEEING.
  1643 | D:2      | 1643 ||| FLEEEEING.
  1646 | D:2      | 1646 ||| STAIRDANCE
  1895 | D:2      | 1895 ||| Stepping ~*~*~tactically~*~*~ (stealth).
  1917 | D:2      | 1917 ||| DROPPING +0 club.
  2049 | D:2      | 2049 ||| Stepping ~*~*~tactically~*~*~ (stealth).
  2131 | D:2      | 2131 ||| Stepping ~*~*~tactically~*~*~ (stealth).
  2193 | D:2      | 2193 ||| Stepping ~*~*~tactically~*~*~ (stealth).
  2247 | D:2      | Noticed Natasha
  2253 | D:2      | HP: 5/21 [white imp[Natasha] (3)]
  2253 | D:2      | HP: 1/21 [white imp[Natasha] (4)]
  2253 | D:2      | Slain by Natasha

Levels and vault maps discovered:
D:1:      wander_arrival_estate, layout_loops_corners,
          shapermc_ecumenical_altar_totnotflames, grunt_decor_junction
D:2:      layout_loops_ring, grunt_ministairs_12, dilly_guarded_unrand_morg

Skill      XL: |  1  2  3 |
---------------+----------+-----
Axes           | 3 4 |  4.5
Fighting       | |  2.0
Throwing       | |  1.0
Armour         | |  1.1
Dodging        | |  2.1
Spellcasting   | |  2.0
Translocations | |  2.4

Action                   || total
-------------------------++-------
Melee: Hand axe          ||    82
       Kick              ||    23
       Peck              ||    10
Throw: Boomerang         ||     7
  Use: Scroll            ||     2
 Stab: Distracted        ||     1
Armor: Leather armour    ||     8
Dodge: Dodged            ||    33

Table legend:
 A = Non-vault XP
 B = Vault XP
 C = Vault XP percentage of total XP
 D = Non-vault monster count
 E = Vault monster count
 F = Vault count percentage of total count
                 A         B        C        D         E       F
            +---------+---------+-------+---------+---------+-------
      Total |      65 |      11 |  14.5 |      34 |       5 |  12.8
            +---------+---------+-------+---------+---------+-------
        D:1 |      45 |       0 |   0.0 |      24 |       0 |   0.0
        D:2 |      20 |      11 |  35.5 |      10 |       5 |  33.3
            +---------+---------+-------+---------+---------+-------
